AoeStats
← 夜天刃233

Black Forest

510328110Analyzed
2v2 RM · 3d ago on Sep 30, 2026· 30m 24s· 4 players
Game mode
Random Map
Map size
Medium (4 player)
Population
200
Speed
Normal
Resources
Standard
Victory
Conquest
Starting age
Dark Age
Ending age
Imperial Age
RankedLock teamsTeams togetherTeam positionsShared explorationLock speedFull tech treeHidden civsTurbo modeCheats
Victory
Defeat
🇷🇴 Bohemians · Romania
791
+16
🇺🇸 Malians · United States
731
+18
🇨🇳 Teutons · China
817
-49
752
-16
孤儿院剑圣月夜狐
2:07 Loom
15:39 Feudal Age
17:01 Double-Bit Axe
16:58 Horse Collar
24:23 Castle Age
23:28 Stone Mining
26:10 Fletching
26:37 Treadmill Crane
夜天刃233
0:52 Loom
15:26 Feudal Age
15:53 Double-Bit Axe
15:53 Horse Collar
16:52 Wheelbarrow
20:30 Scale Mail Armor
24:09 Castle Age
30:05 Hand Cart
astonge7878
1:35 Loom
12:04 Feudal Age
18:06 Castle Age
17:34 Horse Collar
17:45 Double-Bit Axe
17:54 Stone Mining
18:12 Gold Mining
20:06 Wheelbarrow
21:15 Hand Cart
22:02 Scale Mail Armor
22:12 Forging
23:25 Heavy Plow
24:12 Squires
23:59 Arson
26:19 Chain Mail Armor
26:39 Iron Casting
27:43 Iron Casting
28:23 Hand Cart
VM
2:08 Loom
12:32 Feudal Age
13:06 Double-Bit Axe
13:59 Wheelbarrow
13:07 Horse Collar
20:19 Castle Age
21:33 Hand Cart
21:39 Bow Saw
21:32 Heavy Plow
25:45 Caravan
32:13 Imperial Age
30:37 Town Watch
Connection lost

Rejoining the realm…

Still unreachable

The connection could not be restored.

Session expired

The server has moved on; the page needs a fresh start.